 Dungeon Crawl Stone Soup version 0.20.0-15-g7f486f2 (webtiles) character file.

109 Szarrukin the Changer (level 4, 0/28 HPs)
             Began as an Octopode Transmuter on June 12, 2017.
             Succumbed to kobold's curare-tipped needle
             ... on level 3 of the Dungeon.
             The game lasted 00:06:38 (2386 turns).

Szarrukin the Changer (Octopode Transmuter)         Turns: 2386, Time: 00:06:38

Health: 0/28       AC:  1    Str:  9    XL:     4   Next: 89%
Magic:  4/7        EV: 13    Int: 16    God:
Gold:   74         SH:  0    Dex: 12    Spells: 4/7 levels left

rFire    . . .     SeeInvis .     - Unarmed
rCold    . . .     Gourm    .   (no shield)
rNeg     . . .     Faith    .   (helmet restricted)
rPois    .         Spirit   .   (no amulet)
rElec    .         Reflect  .   (no ring)
rCorr    .         Harm     .   (no ring)
MR       .....                  (no ring)
Stlth    ++........             (no ring)
Regen    0.1/turn               (no ring)
MPRegen  0.1/turn               (no ring)
                                (no ring)
                                (no ring)

@: lethally poisoned (0 -> -9), slowed, very slow
A: almost no armour, stealthy swim, amphibious, 8 rings, constrict 8, camouflage
1, gelatinous body 1
a: no special abilities


You were on level 3 of the Dungeon.
You were not hungry.

You visited 1 branch of the dungeon, and saw 3 of its levels.

You collected 74 gold pieces.

Inventory:

Missiles
 a - 75 arrows
Jewellery
 f - a +4 ring of protection {unknown}
 o - an uncursed amulet of magic regeneration {unknown}
Scrolls
 d - a scroll of fear {unknown}
 g - a scroll of noise {unknown}
 h - 4 scrolls of teleportation {unknown}
 i - a scroll of enchant weapon {unknown}
 j - a scroll of identify {unknown}
 l - a scroll of remove curse {unknown}
Potions
 e - a potion of agility {unknown}
 m - a potion of curing {unknown}
 n - a potion of ambrosia {unknown}
Books
 b - a book of Changes

   Spells                             Type                      Level
   a - Beastly Appendage              Transmutation                1
   b - Sticks to Snakes               Transmutation                2
   c - Spider Form                    Transmutation/Poison         3
   d - Ice Form                       Ice/Transmutation            4
   e - Blade Hands                    Transmutation                5
Comestibles
 c - a bread ration
 k - a meat ration


   Skills:
 - Level 1.0 Fighting
 - Level 2.0 Dodging
 - Level 3.0 Unarmed Combat
 - Level 2.0 Spellcasting
 + Level 4.9 Transmutations


You had 4 spell levels left.
You knew the following spells:

 Your Spells              Type           Power        Failure   Level  Hunger
a - Beastly Appendage     Tmut           ###...       2%          1    #......
b - Sticks to Snakes      Tmut           ###.....     4%          2    ###....


Dungeon Overview and Level Annotations

Branches:
Dungeon (3/15)

Altars:
Makhleb


Innate Abilities, Weirdness & Mutations

You cannot wear most types of armour.
You are very stealthy in the water. (Stealth+)
You are amphibious.
You can wear up to eight rings at the same time.
You can use your tentacles to constrict eight enemies at once.
Your skin changes colour to match your surroundings (Stealth+).
Your rubbery body absorbs attacks. (AC +1, EV +1)


Message History

Your ball python dies!
The kobold unwields an uncursed blowgun.
The kobold wields an uncursed club.
The kobold hits you with an uncursed club.
The kobold closely misses you.
You barely miss the kobold. Your grab misses the kobold.
You feel sick. The jackal bites you. x2
* * * LOW HITPOINT WARNING * * *
The kobold closely misses you.
Casting: Sticks to Snakes
Confirm with . or Enter, or press ? or * to list all spells.
You create 2 snakes!
You now have 75 arrows.
* * * LOW HITPOINT WARNING * * *
You feel sick. The jackal closely misses you. The jackal barely misses you.
The kobold hits you with an uncursed club.
* * * LOW HITPOINT WARNING * * *
The jackal closely misses you.
You swap places.
You hear the rusting of a very distant drain.
You die...

..... ...## #
.... .# ..
#.<##.###
...K###........
.......S....#
#Kh##.#
#..####SS.#.#
#.....@...#.#
##.#####..#.#
#..#.########
#...........#
####.##.######.#
........######.##
####............#
#.#########..#
#.# #..#


You could see a jackal, a ball python, a kobold and 2 friendly ball pythons.

Vanquished Creatures
  A hound (D:2)
  Terence (D:2)
  3 adders (D:2)
  2 dart slugs
  A leopard gecko (D:1)
  A giant cockroach (D:2)
  3 goblins
  3 hobgoblins
  A jackal (D:3)
  4 kobolds (D:2)
  2 quokkas
  4 bats
  2 rats
28 creatures vanquished.

Vanquished Creatures (collateral kills)
  An orc (D:3)
  A bat (D:2)
  A giant cockroach (D:2)
3 creatures vanquished.

Grand Total: 31 creatures vanquished

Notes
Turn   | Place    | Note
-------+----------+-------------------------------------------
     0 | D:1      | Szarrukin the Octopode Transmuter began the quest for the Orb.
     0 | D:1      | Reached XP level 1. HP: 13/13 MP: 3/3
   745 | D:1      | Reached XP level 2. HP: 12/18 MP: 5/5
   756 | D:1      | Learned a level 2 spell: Sticks to Snakes
   943 | D:2      | Reached skill level 3 in Transmutations
   974 | D:2      | Reached XP level 3. HP: 16/23 MP: 3/6
  1294 | D:2      | Found a burning altar of Makhleb.
  1298 | D:2      | Reached skill level 4 in Transmutations
  1298 | D:2      | Reached XP level 4. HP: 19/28 MP: 7/7
  1438 | D:2      | Noticed Terence
  1466 | D:2      | Killed Terence
  2385 | D:3      | HP: 1/28 [kobold/uncursed club (5)]
  2386 | D:3      | Succumbed to kobold's curare-tipped needle

Skill      XL: |  1  2  3 |
---------------+----------+-----
Transmutations | 3 4 |  4.9
Fighting       | |  1.0
Dodging        | |  2.0
Unarmed Combat | |  3.0
Spellcasting   | |  2.0

Action                   |  1- 3 |  4- 6 || total
-------------------------+-------+-------++-------
Melee: Unarmed           |    46 |    36 ||    82
       Constrict         |    11 |     9 ||    20
       Tentacles         |     7 |     5 ||    12
       Punch             |       |     1 ||     1
 Cast: Beastly Appendage |     1 |       ||     1
       Sticks to Snakes  |     2 |     6 ||     8
 Stab: Sleeping          |     4 |       ||     4
  Eat: Chunk             |     1 |     1 ||     2
       Bread ration      |       |     1 ||     1
Armor: Skin              |     3 |     4 ||     7
Dodge: Dodged            |    29 |    29 ||    58
